 Dungeon Crawl Stone Soup version 0.31.0-9-g3a7656b989 (webtiles) character file.

Game seed: 8237978583597653900

3533 qw the Markself (level 9, -11/52 HPs)
             Began as a Deep Elf Hunter on Feb 3, 2024.
             Was a Priest of Okawaru.
             Mangled by a two-headed ogre
             ... wielding a +0 giant club
              (29 damage)
             ... on level 8 of the Dungeon.
             The game lasted 00:00:37 (5691 turns).

qw the Markself (Deep Elf Hunter)                   Turns: 5691, Time: 00:00:37

Health: -11/52     AC: 13    Str: 18    XL:     9   Next: 82%
Magic:  10/14      EV: 14    Int: 15    God:    Okawaru [***...]
Gold:   394        SH:  0    Dex: 24    Spells: 8/8 levels left

rFire   . . .        b - +8 storm bow {elec, penet}
rCold   . . .        (shield currently unavailable)
rNeg    + . .        r - +0 pearl dragon scales
rPois   .            (no helmet)
rElec   .            d - +0 cloak
rCorr   .            i - +1 pair of gloves
SInv    .            (no boots)
Will    .....        (no amulet)
Stlth   +            f - +6 ring of dexterity
HPRegen 0.28/turn    s - +6 ring of strength
MPRegen 0.14/turn

%: no passive effects
@: about to teleport, finesse-ful
A: no striking features
a: Renounce Religion, Heroism


You were on level 8 of the Dungeon.
You worshipped Okawaru.
Okawaru was most pleased with you.
You visited 2 branches of the dungeon, and saw 9 of its levels.
You also visited: Ossuary.

You collected 414 gold pieces.
You spent 20 gold pieces at shops.


   Skills:
 - Level 4.0 Fighting
 - Level 15.0 Ranged Weapons
 + Level 1.0 Armour
 - Level 7.4 Dodging
 - Level 1.2 Stealth
 - Level 4.5 Invocations


You had 8 spell levels left.
You didn't know any spells.
Your spell library was empty.

Inventory:

Hand Weapons
 b - the +8 storm bow (weapon) {elec, penet}
   (You acquired it on level 2 of the Dungeon)
Armour
 d - a +0 cloak (worn)
 i - a +1 pair of gloves (worn)
 r - +0 pearl dragon scales (worn)
Jewellery
 f - a +6 ring of dexterity (left hand)
 h - a ring of fire
 m - an amulet of guardian spirit
 s - a +6 ring of strength (right hand)
Wands
 t - a wand of acid (5)
Scrolls
 c - 5 scrolls of teleportation
 p - a scroll of identify
Potions
 a - 3 potions of might
 e - 2 potions of heal wounds
 g - a potion of mutation
 j - a potion of haste
 k - 4 potions of curing
 o - a potion of resistance
 q - a potion of enlightenment

Dungeon Overview and Level Annotations

Branches:
Dungeon (8/15)             Temple (1/1) D:4         Ossuary (visited)
   Lair: D:8-11

Altars:
Ashenzari
Cheibriados
Dithmenos
Elyvilon
Fedhas
Gozag
Hepliaklqana
Kikubaaqudgha
Makhleb
Nemelex Xobeh
Okawaru
Qazlal
Ru
Sif Muna
Trog
Uskayaw
Vehumet
Wu Jian
Xom
Yredelemnul
Zin
The Shining One

Shops:
D:1 ?   D:7 *


Message History

You shoot an arrow.
The arrow pierces through the two-headed ogre.
The two-headed ogre is lightly wounded.
You shoot an arrow.
The arrow barely misses the two-headed ogre.
You shoot an arrow.
The arrow barely misses the two-headed ogre.
The two-headed ogre hits you with a +0 giant club!
The two-headed ogre misses you.
You shoot an arrow.
The arrow pierces through the two-headed ogre.
The two-headed ogre is lightly wounded.
You shoot an arrow.
The arrow completely misses the two-headed ogre.
The two-headed ogre misses you.
The two-headed ogre hits you but does no damage.
You shoot an arrow.
The arrow pierces through the two-headed ogre!
The two-headed ogre is moderately wounded.
You shoot an arrow.
The arrow pierces through the two-headed ogre!
The two-headed ogre is heavily wounded.
You shoot an arrow.
The arrow pierces through the two-headed ogre but does no damage.
The two-headed ogre is heavily wounded.
The two-headed ogre misses you.
The two-headed ogre hits you with a +0 giant spiked club!
5689 ||| READING 6 scrolls of teleportation.
As you read the scroll of teleportation, it crumbles to dust.
You feel strangely unstable.
5690 ||| DRINKING 4 potions of heal wounds.
You feel much better.
The two-headed ogre hits you with a +0 giant club!!
The two-headed ogre hits you with a +0 giant spiked club.
5691 ||| DRINKING 3 potions of heal wounds.
You feel much better.
The two-headed ogre hits you with a +0 giant club!
The two-headed ogre hits you with a +0 giant spiked club!!
Ouch! That really hurt!
You die...

#.. #..
#...
##...#
#.....#
.$.....##
....$.O.#
.......@+
........#
.......##
#.....#
##...#
##+#


You could see a two-headed ogre.

Vanquished Creatures
  Pikel (D:7)
  Jeremiah (D:7)
  A wyvern (D:7)
  Eustachio (D:6)
  Menkaure (D:7)
  2 water moccasins (D:7)
  An orc warrior (D:6)
  A black bear (D:6)
  An ice beast (D:6)
  A centaur (D:7)
  3 ogres
  4 lemures (D:7)
  4 elf zombies (Ossuary)
  3 bullfrogs (D:7)
  2 electric eels (D:7)
  A howler monkey (D:5)
  A bombardier beetle (D:4)
  3 centaur zombies (Ossuary)
  3 human zombies (Ossuary)
  A jelly (D:6)
  4 hounds
  2 gnoll boudas
  2 sleepcaps
  6 iguanas
  A bullfrog simulacrum (Ossuary)
  3 mummies (Ossuary)
  10 gnolls
  7 adders
  2 shadow imps
  A white imp (D:5)
  2 ufetubi (D:7)
  3 dart slugs
  A ribbon worm (D:4)
  12 orcs
  9 ball pythons
  5 bats
  4 endoplasms
  A giant cockroach (D:1)
  11 goblins
  7 hobgoblins
  8 jackals
  8 kobolds
  4 quokkas
  2 rats (D:2)
151 creatures vanquished.

Notes
Turn   | Place    | Note
-------+----------+-------------------------------------------
     0 | D:1      | qw the Deep Elf Hunter began the quest for the Orb.
     0 | D:1      | Reached XP level 1. HP: 12/12 MP: 3/3
     0 | D:1      | 0 ||| qw: Version: 0.3-a-155-g5e7d8dd
     0 | D:1      | 0 ||| qw: Game counter: 3041
     0 | D:1      | 0 ||| qw: Melee chars always use a shield: true
     0 | D:1      | 0 ||| qw: God list: Okawaru
     0 | D:1      | 0 ||| qw: Allow faded altars: false
     0 | D:1      | 0 ||| qw: Do Orc after clearing Dungeon:15 true
     0 | D:1      | 0 ||| qw: Do second Lair branch before Depths: true
     0 | D:1      | 0 ||| qw: Lair rune preference: random
     0 | D:1      | 0 ||| qw: Goals: Normal
     0 | D:1      | 0 ||| PLANNING D:1-11
    51 | D:1      | Found a faded altar of an unknown god.
    62 | D:1      | Reached XP level 2. HP: 15/16 MP: 4/4
    63 | D:1      | Reached skill level 6 in Ranged Weapons
   231 | D:1      | Found Xagac's Magic Scroll Boutique.
   240 | D:1      | 240 ||| SHOPLISTING scroll of enchant armour (75 gold, have
                  | 36).
   240 | D:1      | 240 ||| BUYING scroll of identify (20 gold).
   240 | D:1      | Bought a scroll of identify for 20 gold pieces
   240 | D:1      | 240 ||| SHOPLISTING scroll of identify (20 gold, have 16).
   240 | D:1      | 240 ||| SHOPLISTING scroll of teleportation (30 gold, have
                  | 16).
   854 | D:1      | 854 ||| READING scroll of identify.
   854 | D:1      | 854 ||| IDENTIFYING 2 coppery potions
   855 | D:1      | 855 ||| READING 2 scrolls labelled OVALYR YQUADAT.
   856 | D:1      | 856 ||| READING scroll labelled DAGHAY ORERGHAD.
   856 | D:1      | 856 ||| BRANDING +0 shortbow.
   857 | D:1      | 857 ||| DROPPING scroll of butterflies.
   858 | D:1      | 858 ||| DROPPING scroll of amnesia.
   873 | D:2      | Reached XP level 3. HP: 20/20 MP: 5/5
   998 | D:2      | Reached skill level 7 in Ranged Weapons
  1041 | D:2      | Noticed an ogre
  1048 | D:2      | HP: 2/20 [ogre/+0 giant club (17)]
  1049 | D:2      | 1049 ||| DRINKING 2 potions of heal wounds.
  1054 | D:2      | Killed an ogre
  1055 | D:2      | Reached skill level 8 in Ranged Weapons
  1055 | D:2      | Reached XP level 4. HP: 8/25 MP: 6/6
  1055 | D:2      | Reached XP level 5. HP: 9/29 MP: 7/7
  1557 | D:2      | 1557 ||| READING 2 scrolls of identify.
  1557 | D:2      | 1557 ||| IDENTIFYING brown potion
  1558 | D:2      | 1558 ||| READING scroll of identify.
  1558 | D:2      | 1558 ||| IDENTIFYING sapphire potion
  1559 | D:2      | 1559 ||| READING scroll labelled JEIDY PAMAOGO.
  1559 | D:2      | 1559 ||| ENCHANTING +0 shortbow of freezing.
  1560 | D:2      | 1560 ||| READING scroll labelled AROGOI KACHUJI.
  1561 | D:2      | 1561 ||| READING scroll labelled FOCZIB HOMUTUNN.
  1561 | D:2      | Identified a scroll of acquirement
  1561 | D:2      | 1561 ||| ACQUIRING +8 storm bow {elec, penet}
  1561 | D:2      | Acquired the +8 storm bow {elec, penet}
  1561 | D:2      | Found the +8 storm bow {elec, penet}
  1563 | D:2      | 1563 ||| SWAPPING to +8 storm bow {elec, penet}.
  1564 | D:2      | 1564 ||| DROPPING +1 shortbow of freezing.
  1565 | D:2      | 1565 ||| DRINKING 2 grey potions.
  1566 | D:2      | 1566 ||| DROPPING potion of invisibility.
  2018 | D:3      | Reached skill level 9 in Ranged Weapons
  2463 | D:3      | 2463 ||| UPGRADING to +0 scale mail.
  2473 | D:3      | 2473 ||| DROPPING +0 leather armour.
  2474 | D:3      | 2474 ||| READING scroll of identify.
  2474 | D:3      | 2474 ||| IDENTIFYING fuming coppery potion
  2475 | D:3      | 2475 ||| READING scroll labelled UDWOMA MYMMAO.
  2476 | D:3      | 2476 ||| READING scroll labelled EMINKA USSAZIMM.
  2577 | D:3      | 2577 ||| READING scroll labelled TAIN NUTUCIM.
  2578 | D:3      | 2578 ||| DROPPING potion of brilliance.
  2580 | D:3      | 2580 ||| Stepping ~*~*~tactically~*~*~ (cloud).
  2586 | D:3      | HP: 7/29 [poisoned by you (poison gas)]
  2776 | D:4      | Reached skill level 1 in Armour
  2776 | D:4      | Reached XP level 6. HP: 36/36 MP: 8/8
  2834 | D:4      | Found a staircase to the Ecumenical Temple.
  2835 | D:4      | 2835 ||| PLANNING TEMPLE
  2835 | D:4      | 2835 ||| READING scroll labelled KOLYCS FUTI.
  2839 | D:4      | Found a sacrificial altar of Ru.
  2903 | Temple   | Entered the Ecumenical Temple
  2904 | Temple   | 2904 ||| PLANNING OKAWARU WORSHIP
  2904 | Temple   | 2904 ||| READING scroll labelled ERELIS LUTAHER.
  2943 | Temple   | Became a worshipper of Warmaster Okawaru
  2944 | Temple   | 2944 ||| PLANNING D:1-11
  3166 | D:4      | 3166 ||| UPGRADING to +0 pair of gloves.
  3171 | D:4      | 3171 ||| READING 2 scrolls of identify.
  3171 | D:4      | 3171 ||| IDENTIFYING inky potion
  3172 | D:4      | 3172 ||| READING scroll of identify.
  3172 | D:4      | 3172 ||| IDENTIFYING golden potion
  3173 | D:4      | 3173 ||| READING scroll labelled FYD RIPPIEBBA.
  3174 | D:4      | 3174 ||| DROPPING potion of degeneration.
  3198 | D:5      | Entered Level 5 of the Dungeon
  3222 | D:5      | Reached skill level 10 in Ranged Weapons
  3231 | D:4      | 3231 ||| Stepping randomly (stuck).
  3363 | D:5      | Reached XP level 7. HP: 40/40 MP: 9/9
  3650 | D:5      | 3650 ||| UPGRADING to +0 cloak.
  3655 | D:5      | 3655 ||| READING scroll of identify.
  3655 | D:5      | 3655 ||| IDENTIFYING smoky golden potion
  3656 | D:5      | 3656 ||| READING scroll labelled ROSA JOMIGHUVEASI.
  3657 | D:5      | 3657 ||| DROPPING potion of attraction.
  3705 | D:6      | Reached * piety under Okawaru
  3706 | D:6      | Reached skill level 11 in Ranged Weapons
  3713 | D:6      | Reached skill level 3 in Dodging
  3713 | D:6      | Reached skill level 1 in Invocations
  3757 | D:6      | Noticed Eustachio
  3758 | D:6      | 3758 ||| INVOKING Heroism.
  3764 | D:6      | 3764 ||| RETREEEEATING.
  3765 | D:6      | Killed Eustachio
  3804 | D:6      | Reached skill level 3 in Invocations
  3850 | D:6      | Found a radiant altar of Vehumet.
  3881 | D:6      | 3881 ||| UPGRADING to +3 leather armour of cold resistance.
  3891 | D:6      | 3891 ||| DROPPING +0 scale mail.
  3892 | D:6      | 3892 ||| UPGRADING to +6 ring of dexterity.
  3902 | D:6      | Reached XP level 8. HP: 45/45 MP: 12/12
  4018 | D:6      | Reached ** piety under Okawaru
  4388 | D:6      | 4388 ||| READING scroll labelled EFIDOELYSK.
  4388 | D:6      | 4388 ||| ENCHANTING +0 pair of gloves.
  4433 | D:7      | Found Vatiz's Lightly-Used Armoury.
  4434 | D:7      | 4434 ||| PLANNING OSSUARY
  4449 | D:7      | Found a sand-covered staircase.
  4458 | Ossuary  | Entered an ossuary
  4491 | Ossuary  | Reached skill level 12 in Ranged Weapons
  4495 | Ossuary  | Reached skill level 3 in Fighting
  4518 | Ossuary  | Reached *** piety under Okawaru
  4519 | Ossuary  | Reached skill level 6 in Dodging
  4557 | Ossuary  | 4557 ||| READING 2 scrolls labelled SOVESY FIESOSM.
  4658 | Ossuary  | 4658 ||| DRINKING 2 murky grey potions.
  4659 | Ossuary  | 4659 ||| DROPPING scroll of silence.
  4672 | D:7      | 4672 ||| PLANNING D:1-11
  4729 | D:7      | Noticed Jeremiah
  4730 | D:7      | 4730 ||| INVOKING Heroism.
  4732 | D:7      | Killed Jeremiah
  4733 | D:7      | Reached XP level 9. HP: 51/51 MP: 11/14
  4773 | D:7      | Reached skill level 13 in Ranged Weapons
  4832 | D:7      | Noticed Menkaure
  4836 | D:7      | Killed Menkaure
  4837 | D:7      | Reached skill level 14 in Ranged Weapons
  5058 | D:7      | Noticed Pikel
  5059 | D:7      | 5059 ||| INVOKING Heroism.
  5065 | D:7      | Killed Pikel
  5066 | D:7      | Reached skill level 15 in Ranged Weapons
  5256 | D:7      | Reached **** piety under Okawaru
  5635 | D:7      | 5635 ||| UPGRADING to +0 pearl dragon scales.
  5645 | D:7      | 5645 ||| DROPPING +3 leather armour of cold resistance.
  5646 | D:7      | 5646 ||| UPGRADING to +6 ring of strength.
  5647 | D:7      | 5647 ||| READING 4 scrolls of identify.
  5647 | D:7      | 5647 ||| IDENTIFYING smoky dark potion
  5648 | D:7      | 5648 ||| READING 3 scrolls of identify.
  5648 | D:7      | 5648 ||| IDENTIFYING 2 fizzy cyan potions
  5649 | D:7      | 5649 ||| READING 2 scrolls of identify.
  5649 | D:7      | 5649 ||| IDENTIFYING 3 glowing clear potions
  5650 | D:7      | 5650 ||| DROPPING 2 potions of lignification.
  5678 | D:8      | Noticed a two-headed ogre
  5679 | D:8      | 5679 ||| INVOKING Finesse.
  5680 | D:8      | 5680 ||| INVOKING Finesse.
  5688 | D:8      | HP: 10/52 [two-headed ogre/+0 giant club (11)]
  5689 | D:8      | 5689 ||| READING 6 scrolls of teleportation.
  5690 | D:8      | 5690 ||| DRINKING 4 potions of heal wounds.
  5691 | D:8      | 5691 ||| DRINKING 3 potions of heal wounds.
  5691 | D:8      | Mangled by a two-headed ogre

Levels and vault maps discovered:
D:1:      saegor_arrival_miasma, layout_loops_ring, serial_shops, shop,
          serial_forest, infiniplex_forest_corner_2, infiniplex_forest_corner_1,
          infiniplex_forest_lined_4_way, infiniplex_forest_lined_room_3,
          infiniplex_forest_straight_3, infiniplex_forest_straight_5,
          ebering_ecumenical_altar_box
D:2:      layout_basic, serial_glass, glass_columns_a, glass_columns_c,
          hangedman_decor_push
D:3:      layout_loops_corners, nrook_uturn, minmay_misc_feat_more_columns
D:4:      layout_rooms, nicolae_overflow_hidden_temple,
          minmay_temple_entry_overgrown
D:5:      layout_basic
D:6:      layout_basic, amcnicky_altar_gilded, uniq_eustachio
D:7:      layout_loops_ring, lightli_ossuary_entry_decrepit_ruins,
          chequers_big_river, minmay_shop_damaged, uniq_jeremiah, uniq_pikel,
          uniq_menkaure
D:8:      layout_loops_corners, lair_entry_dummy, uniq_prince_ribbit1,
          uniq_maurice
Temple:   mainiacjoe_temple_big_plus

Skill      XL: |  1  2  3  4  5  6  7  8  9 |
---------------+----------------------------+-----
Ranged Weapons | 6 8 9 10 11 12 15 | 15.0
Fighting       | 2 3 4 |  4.0
Armour         | 1 |  1.0
Dodging        | 3 6 7 |  7.4
Invocations    | 3 4 |  4.5
Stealth        | |  1.2

Action                     |  1- 3 |  4- 6 |  7- 9 || total
---------------------------+-------+-------+-------++-------
   Fire: Shortbow          |    95 |    20 |       ||   115
         Longbow           |       |    66 |   132 ||   198
 Invoke: Heroism           |       |       |     3 ||     3
         Finesse           |       |       |     1 ||     1
    Use: Scroll            |     3 |    14 |     8 ||    25
         Potion            |     1 |     1 |     3 ||     5
 Armour: Leather armour    |    16 |     3 |    10 ||    29
         Scale mail        |       |     6 |     9 ||    15
         Pearl dragon scal |       |       |     9 ||     9
  Dodge: Dodged            |    17 |     2 |    26 ||    45

Table legend:
 A = Non-vault XP
 B = Vault XP
 C = Vault XP percentage of total XP
 D = Non-vault monster count
 E = Vault monster count
 F = Vault count percentage of total count
                 A         B        C        D         E       F
            +---------+---------+-------+---------+---------+-------
      Total |    2865 |    2183 |  43.2 |     129 |      18 |  12.2
            +---------+---------+-------+---------+---------+-------
        D:1 |      38 |       0 |   0.0 |      19 |       0 |   0.0
        D:2 |     174 |       0 |   0.0 |      20 |       0 |   0.0
        D:3 |      75 |       0 |   0.0 |      15 |       0 |   0.0
        D:4 |     303 |       0 |   0.0 |      24 |       0 |   0.0
        D:5 |     219 |       0 |   0.0 |      19 |       0 |   0.0
        D:6 |     776 |     197 |  20.2 |      13 |       1 |   7.1
        D:7 |    1280 |    1251 |  49.4 |      19 |       3 |  13.6
    Ossuary |       0 |     735 | 100.0 |       0 |      14 | 100.0
            +---------+---------+-------+---------+---------+-------
